 Dungeon Crawl Stone Soup version 0.28.0-43-g3370ac3207 (webtiles) character file.

Game seed: 9951555432167339817

137 safid the Chopper (level 5, -2/46 HPs)
             Began as a Hill Orc Fighter on Mar 12, 2022.
             Was an Initiate of Beogh.
             Slain by Pikel
             ... wielding a +2 whip of flaming
              (3 damage)
             ... on level 3 of the Dungeon.
             The game lasted 00:03:14 (2963 turns).

safid the Chopper (Hill Orc Fighter)                Turns: 2963, Time: 00:03:14

Health: -2/46      AC:  7    Str: 21    XL:     5   Next: 20%
Magic:  5/5        EV:  9    Int:  8    God:    Beogh [......]
Gold:   50         SH:  4    Dex: 10    Spells: 4/4 levels left

rFire   . . .      SeeInvis .   a - +0 war axe
rCold   . . .      Faith    .   c - +0 buckler
rNeg    . . .      Spirit   .   b - +0 scale mail
rPois   .          Reflect  .   (no helmet)
rElec   .          Harm     .   (no cloak)
rCorr   .          Rampage  .   (no gloves)
Will    .....                   (no boots)
Stlth   ..........              (no amulet)
HPRegen 0.15/turn               (no ring)
MPRegen 0.09/turn               (no ring)

@: no status effects
A: no striking features
a: Renounce Religion


You were on level 3 of the Dungeon.
You worshipped Beogh.
Beogh was noncommittal.
You visited 1 branch of the dungeon, and saw 4 of its levels.

You collected 50 gold pieces.

Inventory:

Hand Weapons
 a - a +0 war axe (weapon)
Missiles
 n - 2 poisoned darts (quivered)
Armour
 b - a +0 scale mail (worn)
 c - a +0 buckler (worn)
Jewellery
 f - an amulet of magic regeneration
Scrolls
 g - a scroll of vulnerability {unknown}
 h - a scroll of blinking {unknown}
 j - 2 scrolls of identify {unknown}
 m - a scroll of enchant weapon {unknown}
 p - a scroll of magic mapping {unknown}
Potions
 d - a potion of might
 e - a potion of brilliance {unknown}
 i - a potion of resistance {unknown}
 k - a potion of ambrosia {unknown}
 l - a potion of haste {unknown}
 o - a potion of berserk rage {unknown}
 q - a potion of curing {unknown}


   Skills:
 - Level 4.0 Fighting
 + Level 5.5 Axes
 - Level 4.0 Armour
 - Level 4.0 Shields


You had 4 spell levels left.
You didn't know any spells.
Your spell library contained the following spells:

 Spells                   Type           Power      Damage    Failure   Level
 Magic Dart               Conj           0%         1d3       83%         1
 Searing Ray              Conj           0%         2d4       92%         2
 Fulminant Prism          Conj/Hex       0%         3d6       100%        4


Dungeon Overview and Level Annotations

Branches:
Dungeon (4/15)
 Temple: D:4-7

Altars:
Cheibriados
Kikubaaqudgha

Shops:
D:1 ?   D:3 (

Annotations:
D:3 Pikel


Message History

You hit Pikel.
Pikel is lightly wounded.
You slash the lemure! You barely miss the hound. You barely miss the lemure.
The hound bites you but does no damage. The lemure barely misses you.
You block the lemure's attack.
Pikel hits you with a +2 whip of flaming.
Pikel burns you. The hound bites you but does no damage.
The lemure barely misses you.
You hit Pikel but do no damage.
Pikel is lightly wounded.
You hit the lemure but do no damage. You barely miss the hound.
You slash the lemure! The hound barely misses you. The lemure hits you.
Pikel barely misses you. The lemure barely misses you.
The hound bites you but does no damage. The lemure hits you.
Pikel barely misses you.
You hit Pikel but do no damage.
Pikel is lightly wounded.
You miss the lemure. You barely miss the hound. You slash the lemure!
You block the hound's attack. The lemure hits you.
* * * LOW HITPOINT WARNING * * *
The lemure barely misses you. Pikel hits you but does no damage.
The hound completely misses you.
You hit Pikel.
Pikel is lightly wounded.
You closely miss the lemure. You hit the hound. You hit the lemure.
The hound bites you but does no damage.
The lemure hits you but does no damage. x2
Pikel closely misses you. The hound barely misses you.
The lemure hits you but does no damage. The lemure barely misses you.
You miss Pikel.
Pikel is lightly wounded.
You hit the lemure but do no damage. You completely miss the hound.
You closely miss the lemure. The hound bites you.
* * * LOW HITPOINT WARNING * * *
Pikel hits you with a +2 whip of flaming!
* * * LOW HITPOINT WARNING * * *
Pikel burns you.
* * * LOW HITPOINT WARNING * * *
You block the lemure's attack. x2; The hound barely misses you.
Pikel hits you with a +2 whip of flaming.
You die...

###########
###......^..#
#.......#.#.#
######.#.##..#.#.####
#........##....#.....
#.####...###.#.......
#.##.....##.(........
###.##h##..............
#....5@.#.###.####.....
#.#..K.5..#............
#.##....###............
#.##.##.# #......o.####
#.##.##.# #......ooo...
#.......# #.....o..###.
####.#### #...)..o.#...
####.#### #........#.#.
#.......##########.....


You could see Pikel, 2 lemures and a hound.

Vanquished Creatures
  2 lemures (D:3)
  An orc priest (D:3)
  4 adders
  3 worms
  2 dart slugs
  An orc (D:3)
  5 ball pythons
  5 bats
  2 endoplasms
  2 giant cockroaches (D:3)
  7 goblins
  8 hobgoblins
  2 jackals (D:2)
  5 kobolds
  2 quokkas
  2 frilled lizards
  4 rats
57 creatures vanquished.

Vanquished Creatures (others)
  A plant (D:2)
1 creature vanquished.

Grand Total: 58 creatures vanquished

Notes
Turn   | Place    | Note
-------+----------+-------------------------------------------
     0 | D:1      | safid the Hill Orc Fighter began the quest for the Orb.
     0 | D:1      | Reached XP level 1. HP: 19/19 MP: 1/1
   103 | D:1      | You fall into a shaft and drop 1 floor!
   225 | D:2      | Found a faded altar of an unknown god.
   271 | D:1      | Reached skill level 3 in Axes
   271 | D:1      | Reached XP level 2. HP: 23/27 MP: 2/2
  1055 | D:1      | Found Gummegarch's Magic Scroll Shoppe.
  1122 | D:2      | Reached XP level 3. HP: 23/33 MP: 3/3
  1244 | D:2      | Found a snail-covered altar of Cheibriados.
  1619 | D:2      | Reached XP level 4. HP: 40/40 MP: 4/4
  1912 | D:3      | Reached skill level 4 in Axes
  2458 | D:3      | Found an ancient bone altar of Kikubaaqudgha.
  2525 | D:3      | Found Afohorph's Weapon Shoppe.
  2547 | D:3      | Reached skill level 5 in Axes
  2593 | D:3      | Became a worshipper of Beogh the Brigand
  2603 | D:3      | Reached XP level 5. HP: 40/46 MP: 5/5
  2830 | D:4      | Noticed Pikel
  2830 | D:4      | Noticed a lemure
  2830 | D:4      | Noticed a lemure
  2830 | D:4      | Noticed a lemure
  2830 | D:4      | Noticed a lemure
  2835 | D:3      | Killed a lemure
  2845 | D:3      | Killed a lemure
  2963 | D:3      | HP: 1/46 [Pikel/+2 whip of flaming (2)]
  2963 | D:3      | Slain by Pikel

Illustrated notes

Levels and vault maps discovered:
D:1:      minmay_arrival_wavy_path, layout_loops_corners, serial_shops, shop
D:2:      layout_basic, shapermc_ecumenical_altar_flowoftime, basic_altar
D:3:      layout_loops_cross, mainiacjoe_overflow_alcove_1, serial_shops,
          nicolae_shop_waterfront
D:4:      layout_cave_pools, abandoned_shop, minmay_shop_mayhem,
          uniq_blork_the_orc, uniq_ijyb, uniq_pikel, uniq_natasha

Skill      XL: |  1  2  3  4 |
---------------+-------------+-----
Axes           | 3 5 |  5.5
Fighting       | 4 |  4.0
Shields        | 4 |  4.0
Armour         | 4 |  4.0

Action                   |  1- 3 |  4- 6 || total
-------------------------+-------+-------++-------
Melee: War axe           |    76 |    79 ||   155
Invok: Convert to Beogh  |       |     1 ||     1
Armor: Scale mail        |    34 |    30 ||    64
Dodge: Dodged            |    48 |    44 ||    92
Block: Buckler           |    19 |    23 ||    42
